 Dungeon Crawl Stone Soup version 0.22.1-2-g9c5b331383 (webtiles) character file.

71 Marnok the Slasher (level 4, 0/38 HPs)
             Began as a Minotaur Gladiator on Dec 23, 2018.
             Slain by an adder (2 damage)
             ... on level 3 of the Dungeon.
             The game lasted 00:07:08 (1326 turns).

Marnok the Slasher (Minotaur Gladiator)             Turns: 1326, Time: 00:07:09

Health: 0/38       AC:  3    Str: 19    XL:     4   Next: 5%
Magic:  0/3        EV: 13    Int:  5    God:
Gold:   59         SH:  0    Dex: 12    Spells: 3/3 levels left

rFire    . . .     SeeInvis .   a - +0 long sword
rCold    . . .     Gourm    .   (no shield)
rNeg     . . .     Faith    .   b - +0 leather armour
rPois    .         Spirit   +   c - +0 hat
rElec    .         Reflect  .   g - scarf {Spirit}
rCorr    .         Harm     .   (no gloves)
MR       +....                  (no boots)
Stlth    +.........             (no amulet)
HPRegen  0.12/turn              e - ring of wizardry
MPRegen  0.08/turn              j - ring of protection from magic

@: lethally poisoned (0 -> -13), hasted, very quick
A: retaliatory headbutt, horns 2
a: no special abilities


You were on level 3 of the Dungeon.
You were not hungry.

You visited 1 branch of the dungeon, and saw 3 of its levels.

You collected 59 gold pieces.

Inventory:

Hand Weapons
 a - a +0 long sword (weapon)
Missiles
 d - 3 throwing nets (quivered)
 l - 26 sling bullets
Armour
 b - a +0 leather armour (worn)
 c - a +0 hat (worn)
 g - a scarf of spirit shield (worn)
Jewellery
 e - a ring of wizardry (left hand)
 j - a ring of protection from magic (right hand)
Scrolls
 k - a scroll of remove curse
Potions
 m - a potion of flight
Comestibles
 f - 5 rations


   Skills:
 + Level 3.0 Fighting
 + Level 4.5 Long Blades
 + Level 2.1 Throwing
 + Level 1.3 Armour
 + Level 4.1 Dodging


You had 3 spell levels left.
You didn't know any spells.
Your spell library was empty.

Dungeon Overview and Level Annotations

Branches:
Dungeon (3/15)

Altars:
Sif Muna


Innate Abilities, Weirdness & Mutations

You reflexively headbutt those who attack you in melee.
You have a pair of horns on your head.


Message History

You hit the adder but do no damage.
The adder is almost dead.
You feel sick. The adder bites you but does no damage.
You closely miss the adder.
The adder is almost dead.
You feel sick. The adder barely misses you. The adder bites you.
* * * LOW HITPOINT WARNING * * *
Okay, then.
Okay, then.
As you read the scroll labeled YNUCZU VEAQITI, it crumbles to dust.
The scroll dissolves into smoke.
It was a scroll of fog.
The adder bites you.
* * * LOW HITPOINT WARNING * * *
You are more poisoned.
The adder poisons you!
* * * LOW HITPOINT WARNING * * *
You feel sick.
You feel yourself speed up.
* * * LOW HITPOINT WARNING * * *
You feel sick. The adder bites you.
You die...

#≈........#...#
≈≈≈.......#...#
#≈........#...#
≈≈........#...#
#..w..†...#...#
≈≈..r..§rw#...#
≈..$.###r##..##
#### ###
#S##.######
#...
#§@§......#
#.##
#########.# #.#
#.# #.# #.# #.#
#.# #.# #.# #.#
#.# #.## #.#
#.<. #.# ##.#


You could see an adder and a rat.

Vanquished Creatures
  Robin (D:2)
  2 adders (D:3)
  4 leopard geckos
  4 bats (D:1)
  3 giant cockroaches
  9 goblins (D:2)
  2 hobgoblins (D:2)
  2 frilled lizards (D:1)
  5 kobolds
  4 rats
36 creatures vanquished.

Notes
Turn   | Place    | Note
-------+----------+-------------------------------------------
     0 | D:1      | Marnok the Minotaur Gladiator began the quest for the Orb.
     0 | D:1      | Reached XP level 1. HP: 18/18 MP: 0/0
   194 | D:1      | Reached XP level 2. HP: 25/25 MP: 1/1
   813 | D:2      | Noticed Robin
   825 | D:2      | Reached XP level 3. HP: 26/30 MP: 2/2
   841 | D:2      | Killed Robin
  1294 | D:3      | Found a deep blue altar of Sif Muna.
  1317 | D:3      | Reached skill level 1 in Armour
  1317 | D:3      | Reached XP level 4. HP: 25/38 MP: 3/3
  1326 | D:3      | Slain by an adder

Skill      XL: |  1  2  3 |
---------------+----------+-----
Long Blades    | 4 |  4.5
Fighting       | 3 |  3.0
Dodging        | 4 |  4.1
Armour         | 1 |  1.3
Throwing       | |  2.1

Action                   |  1- 3 |  4- 6 || total
-------------------------+-------+-------++-------
Melee: Long sword        |    60 |     6 ||    66
       Headbutt          |     5 |       ||     5
  Use: Scroll            |     3 |     1 ||     4
       Potion            |     2 |     1 ||     3
  Eat: Chunk             |     1 |       ||     1
Armor: Leather armour    |     8 |     2 ||    10
       Skin              |    43 |       ||    43
Dodge: Dodged            |    43 |     4 ||    47
       Rpst.: Long sword |    10 |     1 ||    11
